 Dungeon Crawl Stone Soup version 0.31-a0-1338-gb567cfdca4 (webtiles) character file.

Game seed: 10385306589282065964

63 NeboErif the Chopper (level 3, -3/29 HPs)
             Began as a Demonspawn Berserker on Dec 22, 2023.
             Was a Believer of Trog.
             Slain by Duvessa
             ... wielding a +0 short sword
              (6 damage)
             ... on level 5 of the Dungeon.
             The game lasted 00:17:57 (1406 turns).

NeboErif the Chopper (Demonspawn Berserker)         Turns: 1406, Time: 00:17:57

Health: -3/29      AC:  8    Str: 17    XL:     3   Next: 87%
Magic:  3/3        EV: 10    Int:  7    God:    Trog [**....]
Gold:   38         SH:  4    Dex: 14    Spells: 2/2 levels left

rFire   . . .        a - +0 hand axe
rCold   . . .        (no shield)
rNeg    . . .        g - +1 scale mail
rPois   .            l - +0 helmet
rElec   .            (no cloak)
rCorr   .            (no gloves)
SInv    .            (no boots)
Will    .....        (no amulet) Stlth
                     (no ring)
HPRegen 0.24/turn    (no ring)
MPRegen 0.08/turn

%: no passive effects
@: lit by a corona, glowing
A: condensation shield, weakness stinger 1
a: Renounce Religion, Berserk, Trog's Hand


You were on level 5 of the Dungeon.
You worshipped Trog.
Trog was pleased with you.
You visited 1 branch of the dungeon, and saw 4 of its levels.

You collected 38 gold pieces.

Inventory:

Hand Weapons
 a - a +0 hand axe (weapon)
 c - a +0 dagger
 e - a +0 spear
 h - a +0 whip
 j - a +0 sling
 m - a +0 whip
Missiles
 i - 18 stones (quivered)
Armour
 b - a +0 animal skin
 d - a +0 robe
 g - a +1 scale mail (worn)
 k - a +0 ring mail
 l - a +0 helmet (worn)
Talismans
 n - a flux talisman
Scrolls
 f - a scroll of fear


   Skills:
 + Level 3.4 Fighting
 * Level 3.5(3.6) Axes
 + Level 0.6(2.3) Maces & Flails
 + Level 2.0 Armour
 + Level 2.0 Dodging
 + Level 0.6 Stealth


You had 2 spell levels left.
You didn't know any spells.
Your spell library contained the following spells:

 Spells                   Type           Power      Damage    Failure   Level
 Sting                    Conj/Alch      0%         1d3       85%         1
 Summon Small Mammal      Summ           0%         N/A       85%         1
 Blink                    Tloc           0%         N/A       94%         2
 Lesser Beckoning         Tloc           0%         N/A       94%         2
 Mercury Vapours          Alch/Air       0%         N/A       94%         2
 Momentum Strike          Conj/Tloc      0%         3d8       94%         2
 Call Canine Familiar     Summ           0%         N/A       99%         3
 Summon Guardian Golem    Hex/Summ       0%         N/A       99%         3
 Olgreb's Toxic Radiance  Alch           0%         N/A       100%        4


Dungeon Overview and Level Annotations

Branches:
Dungeon (5/15)
 Temple: D:4-7

Altars:

Annotations:
D:5 Dowan, Duvessa


Innate Abilities, Weirdness & Mutations

A meltable shield of frost defends you. (SH +4)
You have a small tail.


Message History

The puff of frost hits you!
* * * LOW HITPOINT WARNING * * *
Duvessa closely misses you.
You hit the white imp but do no damage. You tail-slap the white imp.
You kill the white imp!
Trog accepts your kill.
You hit Duvessa but do no damage. Duvessa hits you but does no damage.
Your Dodging skill increases to level 2!
You hit Dowan but do no damage. You tail-slap Dowan, but do no damage.
Dowan is lightly wounded.
You hit Duvessa but do no damage. Dowan hits you but does no damage.
Duvessa barely misses you.
You hit Dowan.
Your tail-slap misses Dowan.
Dowan is lightly wounded.
You hit Duvessa. Dowan gestures at you while chanting.
The puff of flame misses you. You block Duvessa's attack.
You closely miss Dowan.
Dowan is lightly wounded.
You barely miss Duvessa. Dowan hits you with a +0 dagger.
* * * LOW HITPOINT WARNING * * *
Duvessa completely misses you.
You closely miss Dowan.
Dowan is lightly wounded.
You hit Duvessa. Dowan hits you but does no damage. You block Duvessa's attack.
You closely miss Dowan.
Dowan is lightly wounded.
You hit Duvessa. Dowan hits you with a +0 dagger.
* * * LOW HITPOINT WARNING * * *
Duvessa misses you. Dowan misses you.
You miss Dowan.
Your tail-slap misses Dowan.
Dowan is lightly wounded.
You hit Duvessa but do no damage. Duvessa hits you with a +0 short sword.
* * * LOW HITPOINT WARNING * * *
Dowan gestures at you while chanting.
You are outlined in light.
You hit Dowan.
Dowan is lightly wounded.
You closely miss Duvessa. Duvessa hits you with a +0 short sword.
You die...

#. #.# #. #.# .
#.#######.### ###.#
#...........##...##
##.........##.....#
####...#####....#
#.......#####!#.#
#.#.ee..........#
#....@..###..<.#..
##.#...........##...
#.##.#.###..... ###
#. #.#.# ##...##
#.#.# ##.## #.#.# #.
#.. #.#


You could see Duvessa and Dowan.

Vanquished Creatures
  An adder (D:3)
  A white imp (D:5)
  A worm (D:2)
  2 dart slugs
  6 endoplasms
  4 goblins
  5 hobgoblins
  4 kobolds
  2 quokkas (D:2)
  A ball python (D:1)
  3 bats
  3 frilled lizards
  5 rats
38 creatures vanquished.

Notes
Turn   | Place    | Note
-------+----------+-------------------------------------------
     0 | D:1      | NeboErif the Demonspawn Berserker began the quest for the
                  | Orb.
     0 | D:1      | Reached XP level 1. HP: 18/18 MP: 1/1
    46 | D:1      | Gained mutation: You have a small tail. [demonic ancestry]
    46 | D:1      | Reached XP level 2. HP: 20/24 MP: 2/2
   515 | D:2      | Reached ** piety under Trog
   672 | D:2      | Gained mutation: A meltable shield of frost defends you.
                  | (SH +4) [demonic ancestry]
   672 | D:2      | Reached XP level 3. HP: 22/29 MP: 3/3
  1373 | D:3      | You fall into a shaft and drop 2 floors!
  1373 | D:5      | Entered Level 5 of the Dungeon
  1390 | D:5      | Noticed Dowan
  1391 | D:5      | Noticed Duvessa
  1406 | D:5      | Slain by Duvessa

Illustrated notes

Levels and vault maps discovered:
D:1:      ncdulo_wetmaze, layout_rooms
D:2:      layout_basic, kennysheep_cluttered_room
D:3:      layout_loops_ring, nicolae_dithmenos_shadow_blocks,
          gammafunk_ghost_necromancy, serial_shops, shop
D:5:      nicolae_cairo_tiling, layout_loops_ring, corexii_shack, uniq_duvessa,
          uniq_blork_the_orc

Skill      XL: |  1  2  3 |
---------------+----------+-----
Axes           | 3 |  3.5
Armour         | 2 |  2.0
Dodging        | 2 |  2.0
Fighting       | |  3.4
Maces & Flails | |  0.6
Stealth        | |  0.6

Action                     || total
---------------------------++-------
  Melee: Hand axe          ||   116
         Tailslap          ||    13
         Punch             ||     4
  Throw: Stone             ||     4
    Use: Potion            ||     4
         Scroll            ||     2
 Armour: Animal skin       ||     4
         Ring mail         ||    34
         Robe              ||    14
         Scale mail        ||    15
  Dodge: Dodged            ||    65
  Block: Other             ||     5

Table legend: (Time is in decaauts)
 A = Elapsed time spent in this place.
 B = Non-inter-level travel time spent in this place.
 C = Inter-level travel time spent in this place.
 D = Time resting spent in this place.
 E = Time spent auto-exploring this place.
 F = Levels seen in this place.
 G = Mean time per level.
                   A        B        C        D        E       F      G
               +--------+--------+--------+--------+--------+-----+--------+
         Total |   1427 |   1427 |      0 |      0 |      0 |   4 |  356.8 |
       Dungeon |   1427 |   1427 |      0 |      0 |      0 |   4 |  356.8 |
               +--------+--------+--------+--------+--------+-----+--------+

Top non-repeatable levels by time:
     D:2: 782 daAuts
     D:1: 514 daAuts
     D:3: 97 daAuts
     D:5: 34 daAuts
